 Dungeon Crawl Stone Soup version 0.31.0-9-g3a7656b989 (webtiles) character file.

Game seed: 1174864271044990725

45 qw the Shooter (level 3, -1/18 HPs)
             Began as a Spriggan Hunter on Feb 2, 2024.
             Slain by a water moccasin (3 damage)
             ... on level 3 of the Dungeon.
             The game lasted 00:00:05 (1412 turns).

qw the Shooter (Spriggan Hunter)                    Turns: 1412, Time: 00:00:06

Health: -1/18      AC:  4    Str:  7    XL:     3   Next: 42%
Magic:  4/4        EV: 19    Int: 10    God:
Gold:   117        SH:  0    Dex: 20    Spells: 2/2 levels left

rFire   . . .        a - +0 shortbow
rCold   . . .        (shield currently unavailable)
rNeg    . . .        c - +0 robe
rPois   .            (helmet restricted)
rElec   .            b - +1 cloak
rCorr   .            (gloves unavailable)
SInv    +            (boots unavailable)
Will    .....        h - amulet of regeneration
Stlth   ++           (no ring)
HPRegen 1.03/turn    (no ring)
MPRegen 0.09/turn

%: no passive effects
@: lethally poisoned (-1 -> -5), very quick
A: very small, no large weapons, unfitting armour, see invisible, speed 3
a: no special abilities


You were on level 3 of the Dungeon.
You visited 1 branch of the dungeon, and saw 3 of its levels.

You collected 117 gold pieces.


Innate Abilities, Weirdness & Mutations

You are very small and have problems with some larger weapons.
You are too small for most types of armour.
You have supernaturally acute eyesight. (SInv)
You cover ground extremely quickly. (Speed+++)


   Skills:
 - Level 1.5 Fighting
 + Level 4.7 Ranged Weapons
 - Level 4.0 Dodging
 - Level 1.5 Stealth


You had 2 spell levels left.
You didn't know any spells.
Your spell library was empty.

Inventory:

Hand Weapons
 a - a +0 shortbow (weapon)
Armour
 b - a +1 cloak (worn)
 c - a +0 robe (worn)
Jewellery
 h - an amulet of regeneration (around neck)
Potions
 g - 2 potions of curing

Dungeon Overview and Level Annotations

Branches:
Dungeon (3/15)

Altars:
Ashenzari

Shops:
D:1 [


Message History

You shoot an arrow.
The arrow closely misses the water moccasin.
The water moccasin closely misses you.
You shoot an arrow.
The arrow hits the water moccasin but does no damage.
The water moccasin is heavily wounded.
The water moccasin closely misses you.
The water moccasin bites you but does no damage.
You shoot an arrow.
The arrow closely misses the water moccasin.
The water moccasin misses you.
You shoot an arrow.
The arrow closely misses the water moccasin.
The water moccasin bites you. The water moccasin closely misses you.
You shoot an arrow.
The arrow closely misses the water moccasin.
The water moccasin bites you.
The water moccasin completely misses you.
You shoot an arrow.
The arrow completely misses the water moccasin.
The water moccasin bites you but does no damage.
You shoot an arrow.
The arrow closely misses the water moccasin.
The water moccasin barely misses you. x2
You shoot an arrow.
The arrow barely misses the water moccasin.
The water moccasin bites you. The water moccasin barely misses you.
You shoot an arrow. The arrow hits the water moccasin.
The water moccasin is heavily wounded.
The water moccasin closely misses you.
You shoot an arrow. The arrow hits the water moccasin.
The water moccasin is heavily wounded.
The water moccasin bites you but does no damage.
The water moccasin bites you!
You are lethally poisoned!
The water moccasin poisons you!
You shoot an arrow. The arrow misses the water moccasin.
You feel very sick. The water moccasin barely misses you.
The water moccasin bites you.
You die...

#.# #.#
#.# #.#
#.# #.#
#S###
##@..##
#.....#
#..<.>#
#.....#
##....#
#......
##...###
#..##
#.##


You could see a water moccasin.

Vanquished Creatures
  2 dart slugs
  4 bats
  2 endoplasms (D:2)
  A giant cockroach (D:2)
  5 goblins
  5 hobgoblins
  2 quokkas (D:1)
  4 ball pythons
  5 frilled lizards (D:2)
  3 kobolds
  8 rats
41 creatures vanquished.

Notes
Turn   | Place    | Note
-------+----------+-------------------------------------------
     0 | D:1      | qw the Spriggan Hunter began the quest for the Orb.
     0 | D:1      | Reached XP level 1. HP: 10/10 MP: 2/2
     0 | D:1      | 0 ||| qw: Version: 0.3-a-155-g5e7d8dd
     0 | D:1      | 0 ||| qw: Game counter: 459
     0 | D:1      | 0 ||| qw: Melee chars always use a shield: true
     0 | D:1      | 0 ||| qw: God list: Okawaru
     0 | D:1      | 0 ||| qw: Allow faded altars: false
     0 | D:1      | 0 ||| qw: Do Orc after clearing Dungeon:15 true
     0 | D:1      | 0 ||| qw: Do second Lair branch before Depths: true
     0 | D:1      | 0 ||| qw: Lair rune preference: random
     0 | D:1      | 0 ||| qw: Goals: Normal
     0 | D:1      | 0 ||| PLANNING D:1-11
    27 | D:1      | Reached skill level 3 in Dodging
   204 | D:1      | Found Fisi Low's Armour Boutique.
   288 | D:1      | Reached XP level 2. HP: 14/14 MP: 3/3
   939 | D:1      | 939 ||| UPGRADING to amulet of regeneration.
   944 | D:1      | 944 ||| READING scroll labelled CURYJO GAISCH.
   945 | D:1      | 945 ||| READING 2 scrolls labelled SOEWUOLEIDAI.
   945 | D:1      | 945 ||| IDENTIFYING fuming emerald potion
   946 | D:1      | 946 ||| READING scroll of identify.
   946 | D:1      | 946 ||| IDENTIFYING puce potion
   947 | D:1      | 947 ||| READING scroll labelled ZIGUACUO AZUBI.
   952 | D:1      | 952 ||| READING scroll labelled KITZUSH SOFUZ.
   953 | D:1      | 953 ||| DROPPING scroll of butterflies.
   954 | D:1      | 954 ||| DROPPING potion of magic.
   983 | D:2      | 983 ||| STAIRDANCE
   990 | D:2      | 990 ||| STAIRDANCE
  1000 | D:2      | Reached XP level 3. HP: 18/18 MP: 4/4
  1001 | D:2      | 1001 ||| STAIRDANCE
  1007 | D:2      | 1007 ||| STAIRDANCE
  1088 | D:2      | Found a broken altar of Ashenzari.
  1355 | D:2      | 1355 ||| UPGRADING to +0 cloak.
  1360 | D:2      | 1360 ||| READING 2 scrolls of identify.
  1360 | D:2      | 1360 ||| IDENTIFYING pink potion
  1361 | D:2      | 1361 ||| READING scroll of identify.
  1361 | D:2      | 1361 ||| IDENTIFYING scroll labelled XYHEORGH VOGOST
  1362 | D:2      | 1362 ||| READING scroll labelled DEYROVEUJUNT.
  1363 | D:2      | 1363 ||| READING scroll labelled GICZOZEJOUN.
  1363 | D:2      | 1363 ||| ENCHANTING +0 cloak.
  1364 | D:2      | 1364 ||| DROPPING scroll of torment.
  1365 | D:2      | 1365 ||| DROPPING potion of attraction.
  1391 | D:3      | Noticed a water moccasin
  1412 | D:3      | HP: 2/18 [poisoned by a water moccasin]
  1412 | D:3      | Slain by a water moccasin

Levels and vault maps discovered:
D:1:      minmay_arrival_diagonal_passages, layout_basic, serial_shops,
          nicolae_shop_tiny_real_fake_doors
D:2:      layout_rooms, basic_altar, nicolae_titane
D:3:      layout_loops_corners, mainiacjoe_overflow_alcove_2,
          hellmonk_ecumenical_altar_run_dry, serial_undead, serial_undead_d,
          serial_undead_c, serial_undead_e, serial_undead_e,
          uniq_crazy_yiuf_cottage, uniq_robin

Skill      XL: |  1  2 |
---------------+-------+-----
Dodging        | 3 4 |  4.0
Fighting       | |  1.5
Ranged Weapons | |  4.7
Stealth        | |  1.5

Action                     || total
---------------------------++-------
   Fire: Shortbow          ||   110
    Use: Scroll            ||     9
 Armour: Robe              ||    22
  Dodge: Dodged            ||    48

Table legend:
 A = Non-vault XP
 B = Vault XP
 C = Vault XP percentage of total XP
 D = Non-vault monster count
 E = Vault monster count
 F = Vault count percentage of total count
                 A         B        C        D         E       F
            +---------+---------+-------+---------+---------+-------
      Total |      65 |       0 |   0.0 |      41 |       0 |   0.0
            +---------+---------+-------+---------+---------+-------
        D:1 |      36 |       0 |   0.0 |      23 |       0 |   0.0
        D:2 |      29 |       0 |   0.0 |      18 |       0 |   0.0
            +---------+---------+-------+---------+---------+-------
